[Event "*** MasterClass Titled Tuesday Blitz"]
[Site "Chess.com"]
[Date "2017.12.05"]
[Round "3"]
[White "MFBerna"]
[Black "penguingm1"]
[Result "0-1"]
[WhiteElo "2296"]
[BlackElo "2614"]
[TimeControl "180+2"]
[EndTime "14:52:40 PST"]
[Termination "penguingm1 won by resignation"]

1. e4 e5 2. Nf3 Nc6 3. Bb5 a6 4. Ba4 Nf6 5. O-O Be7 6. Re1 b5 7.
Bb3 d6 8. c3 O-O 9. h3 Bb7 10. d4 Re8 11. Nbd2 Bf8 12. Bc2 g6 13. a4 Bg7 14. Bd3 exd4 15. cxd4 Nb4 16. Bb1 c5 17. d5 Nd7 18. Nf1 c4 19. Ng3 Nc5 20. axb5 axb5 21. Rxa8 Qxa8 22. Nd4 Nbd3 23. Bxd3 Nxd3 24. Nxb5 Qa5 25.
Nxd6 Qb6 26. Nxe8 Qxf2+ 27. Kh2 Nxe1 28. Qe2 Qxe2 29. Nxe2 Be5+ 30. Kg1 Nd3 31. Bg5 f5 32. exf5 gxf5 33. Nf6+ Kf7 34. Nd7 Bxb2 35. Nb6 Ba3 36. Nxc4 Bc5+ 37. Be3 Bxd5 38. Bxc5 Nxc5 39. Ne3 Be6 40.
Nd4 Kf6 41. g3 Bd7 42. h4 Ne4 43. Kh2 Bc8 44. Ne2 Bb7 45. Nf4 Nd2 46. Kg1 Ke5 47.
Kh2 Ke4 48. Nc2 Kf3 49. Nd4+ Kg4 50. Nfe6 Nf1+ 51. Kg1 Nxg3 52. h5 Nxh5 53. Nf8 Nf6 54. Nde6 f4 55. Nd4 h5 56. Ng6 f3 57. Ne5+ Kf4 58.
Ng6+ Ke3 59. Nf5+ Kd2 60. Ng3 Ng4 61. Nf4 f2+ 62. Kf1 h4 63. Ne4+ Ke3 64. Nxf2 Kxf4 65.
Nh3+ Kg3 66. Ng5 Bg2+ 67. Kg1 h3 0-1

[Event "*** MasterClass Titled Tuesday Blitz"]
[Site "Chess.com"]
[Date "2017.12.05"]
[Round "3"]
[White "mikhaillushenkov"]
[Black "Dr_Nezard"]
[Result "1-0"]
[WhiteElo "2575"]
[BlackElo "2291"]
[TimeControl "180+2"]
[EndTime "14:52:49 PST"]
[Termination "mikhaillushenkov won on time"]

1. Nf3 g6 2. c4 Bg7 3. e4 c5 4. d4 cxd4 5. Nxd4 Nc6 6. Be3 d6 7.
Nc3 Nf6 8. Be2 O-O 9. O-O Nxd4 10. Bxd4 Be6 11. b3 a6 12. Rc1 Qa5 13. f3 Rfc8 14. a4 Rab8 15. Ba7 Ra8 16. Bd4 Nd7 17. Bxg7 Kxg7 18.
Kh1 Qb6 19. Rb1 Qe3 20. Qc2 Rab8 21. a5 Ne5 22. Qb2 f6 23. Nd5 Bxd5 24. exd5 b5 25. cxb5 axb5 26. b4 Rc3 27. f4 Nd3 28. Bxd3 Qxd3 29.
Rbd1 Qc4 30. Rfe1 Rb7 31. Qf2 Rc2 32. Rd2 Rc3 33. Rde2 Kf7 34. a6 Rc7 35. h3 Qxb4 36. Qb6 Qc5 37. Qb8 b4 38. a7 Qxa7 39. Qxb4 R3c4 40.
Qd2 Qd4 41. Qa2 Qxf4 42. Qa8 Rc1 43. Qd8 Rxe1+ 44. Rxe1 Rc1 45. Qxe7+ Kg8 46. Qe8+ Kg7 47. Qe7+ Kh6 48. Qf8+ Kh5 49. Qe7 Rxe1+ 50. Qxe1 Qe5 51. Qd1+ Kh6 52. Qf3 Kg7 53. Qd3 h5 54. Qc4 f5 55.
Qc7+ Kf6 56. Qd8+ Kg7 57. Qd7+ Kh6 58. Qf7 f4 59. Kg1 Qe1+ 60. Kh2 Qg3+ 61. Kg1 Qe3+ 62.
Kf1 Kg5 63. Qf8 Kh4 64. Qxd6 g5 65. Qe6 Qc1+ 66. Qe1+ 1-0

[Event "*** MasterClass Titled Tuesday Blitz"]
[Site "Chess.com"]
[Date "2017.12.05"]
[Round "3"]
[White "GeorgMeier"]
[Black "GMMarcinDziuba"]
[Result "1-0"]
[WhiteElo "2808"]
[BlackElo "2519"]
[TimeControl "180+2"]
[EndTime "14:53:04 PST"]
[Termination "GeorgMeier won on time"]

1. Nf3 d5 2. g3 Nf6 3. Bg2 e6 4. O-O c5 5. d4 cxd4 6. b3 Be7 7. Bb2 O-O 8. Nbd2 b6 9. Nxd4 Bb7 10. c4 Nc6 11. Rc1 Nxd4 12. Bxd4 Rc8 13. e3 Qd7 14. Qe2 dxc4 15. Nxc4 Bxg2 16. Kxg2 Qb7+ 17. Qf3 Nd5 18. Rfd1 Rfd8 19. e4 Nb4 20. a4 h6 21.
h4 Bf8 22. Be5 Nc6 23. Bc3 Rxd1 24. Rxd1 Rd8 25. Rxd8 Nxd8 26. e5 Qc6 27. h5 Be7 28.
Qxc6 Nxc6 29. f4 Kf8 30. Kf3 Ke8 31. Ke4 Kd7 32. g4 Kc7 33. f5 Kd7 34. Bd2 Bf8 35. f6 g5 36. hxg6 fxg6 37. Be1 Nd8 38. Nd2 Nf7 39.
Nf3 g5 40. Bf2 Bb4 41. Kd3 Ba3 42. Bd4 Nh8 43. Kc4 Kc6 44. b4 Ng6 45. b5+ Kd7 46. Kd3 Kc7 47. Be3 Bb2 48. Ke4 Bc3 49. Bf2 Kd7 50. Be3 Nf8 51. Bd4 Bb4 52. Bb2 Ke8 53. Nd4 Kf7 54. Nc6 Be1 55. Bd4 Nd7 56. Nd8+ Kg6 57.
Nxe6 h5 58. gxh5+ Kxh5 59. f7 Bb4 60. Nc7 Kg6 61. Nd5 Ba3 62. e6 Nc5+ 63. Bxc5 Bxc5 64. Kf3 Bd6 65. Ke4 g4 66. Ke3 Kg7 67. Kf2 Kg6 68.
Kg2 Kg7 69. Ne3 Kf6 70. Nc4 Be7 71. a5 Kxe6 72. Nxb6 axb6 73. a6 1-0

[Event "*** MasterClass Titled Tuesday Blitz"]
[Site "Chess.com"]
[Date "2017.12.05"]
[Round "3"]
[White "StellarChessPro"]
[Black "GMKrikor"]
[Result "1/2-1/2"]
[WhiteElo "2311"]
[BlackElo "2642"]
[TimeControl "180+2"]
[EndTime "14:54:20 PST"]
[Termination "Game drawn by 50-move rule"]

1. d4 Nf6 2. Bg5 d5 3. Bxf6 gxf6 4. e3 c5 5. c4 cxd4 6. exd4 Nc6 7. Nc3 dxc4 8. d5 Ne5 9. f4 Nd3+ 10. Bxd3 cxd3 11. Qxd3 Rg8 12. g3 Qb6 13. Nf3 Bh3 14. Rg1 O-O-O 15. O-O-O Kb8 16. Kb1 e6 17. Ka1 Bf5 18. Qd2 Bb4 19.
a3 Qa5 20. Nd4 Rxd5 21. Qc1 Rc8 22. Nxf5 Rxd1 23. Rxd1 Bxc3 24. Nd6 Rc6 25. bxc3 Rxc3 26. Qb2 Qxa3+ 27. Qxa3 Rxa3+ 28. Kb2 Rf3 29. Rd2 a5 30. Nxf7 Ka7 31. Nd8 e5 32. fxe5 fxe5 33. Rd7 Rf2+ 34. Kb3 Rxh2 35. Nxb7 Ka6 36. Nc5+ Kb5 37.
Ne4 a4+ 38. Kc3 a3 39. Rd5+ Kb6 40. Rd1 Re2 41. Nd6 Re3+ 42. Kb4 Rxg3 43. Nc4+ Kc6 44. Nxa3 e4 45. Nc4 e3 46. Rd6+ Kc7 47. Re6 h5 48.
Nxe3 Kd7 49. Re4 h4 50. Nf5 Rg5 51. Nxh4 Rd5 52. Nf3 Rd1 53. Nd4 Kd6 54. Kc4 Rc1+ 55. Kd3 Rd1+ 56. Kc3 Rc1+ 57. Nc2 Rh1 58. Rg4 Ke5 59.
Ra4 Rh3+ 60. Kd2 Rh2+ 61. Kd3 Kd6 62. Ne3 Kc6 63. Rg4 Ra2 64. Kd4 Rd2+ 65. Kc3 Ra2 66.
Nc4 Kc5 67. Rg5+ Kc6 68. Rh5 Rg2 69. Kb4 Kd7 70. Rh6 Rg5 71. Ne3 Re5 72. Nc4 Rg5 73.
Kc3 Ke7 74. Kd4 Kf7 75. Ra6 Ke7 76. Ne5 Rg1 77. Nf3 Rd1+ 78. Ke5 Kd7 79. Nd4 Kc7 80. Kd5 Rc1 81. Ra7+ Kb6 82. Rh7 Rg1 83. Rh8 Kc7 84.
Rh7+ Kb6 85. Re7 Rg2 86. Re8 Kc7 87. Re7+ Kb6 88. Re1 Kc7 89. Rc1+ Kd7 90. Ra1 Rg5+ 91.
Kc4 Rg4 92. Ra6 Rh4 93. Kd3 Rh5 94. Ke3 Rh3+ 95. Ke4 Rh5 96. Nf5 Kc7 97. Ke5 Kb7 98. Rd6 Rh1 99. Ne7 Re1+ 100. Kf6 Kc7 101. Rd2 Rf1+ 102.
Ke6 Re1+ 103. Kf7 Rf1+ 104. Ke8 Re1 105. Rc2+ Kd6 106. Rc6+ Ke5 107. Ra6 Kf4 1/2-1/2

[Event "*** MasterClass Titled Tuesday Blitz"]
[Site "Chess.com"]
[Date "2017.12.05"]
[Round "4"]
[White "Diwi89"]
[Black "robertito5113"]
[Result "1-0"]
[WhiteElo "2719"]
[BlackElo "443"]
[TimeControl "180+2"]
[EndTime "14:56:35 PST"]
[Termination "Diwi89 won by resignation"]

1. e4 e5 2. Nc3 Nf6 3. f4 Bd6 4. fxe5 Bxe5 5. d4 Bd6 6. e5 Bb4 7. exf6 gxf6 8. Nf3 Bxc3+ 9. bxc3 Qe7+ 10. Be2 O-O 11.
O-O Qe4 12. Bd3 Qd5 13. Nh4 h5 14. Nf5 Qe6 15. Qxh5 Qxf5 16. Bxf5 1-0

[Event "*** MasterClass Titled Tuesday Blitz"]
[Site "Chess.com"]
[Date "2017.12.05"]
[Round "4"]
[White "jjosu"]
[Black "sergiochess83"]
[Result "0-1"]
[WhiteElo "2522"]
[BlackElo "2759"]
[TimeControl "180+2"]
[EndTime "14:57:00 PST"]
[Termination "sergiochess83 won by resignation"]

1. e4 c6 2. d4 d5 3. Nc3 dxe4 4. Nxe4 Bf5 5. Ng3 Bg6 6. h4 h6 7. Nf3 e6 8. Ne5 Bh7 9. Bd3 Bxd3 10. Qxd3 Nd7 11.
f4 Be7 12. Bd2 Nxe5 13. fxe5 Bxh4 14. O-O-O Bxg3 15. Qxg3 Ne7 16. Qxg7 Rg8 17. Qxh6 Qd5 18. Bg5 Qxa2 19. Bxe7 Rxg2 0-1

[Event "*** MasterClass Titled Tuesday Blitz"]
[Site "Chess.com"]
[Date "2017.12.05"]
[Round "4"]
[White "SanQui14"]
[Black "lrivaspicazo"]
[Result "1-0"]
[WhiteElo "2176"]
[BlackElo "1721"]
[TimeControl "180+2"]
[EndTime "14:57:13 PST"]
[Termination "SanQui14 won by resignation"]

1. e4 Nf6 2. Nc3 d5 3. exd5 Nxd5 4. g3 Nxc3 5. bxc3 Nc6 6. Bg2 Ne5 7. Ne2 c6 8. h3 Nc4 9. O-O e5 10. d3 Nd6 11. c4 Be7 12. Bb2 Bf6 13. Re1 O-O 14.
Nc3 Bf5 15. Qf3 Qd7 16. Kh2 Rae8 17. Rad1 h6 18. Ne4 Bd8 19. Nxd6 1-0

[Event "*** MasterClass Titled Tuesday Blitz"]
[Site "Chess.com"]
[Date "2017.12.05"]
[Round "4"]
[White "ChessWarrior7197"]
[Black "sorito"]
[Result "1-0"]
[WhiteElo "2648"]
[BlackElo "2369"]
[TimeControl "180+2"]
[EndTime "14:57:19 PST"]
[Termination "ChessWarrior7197 won by resignation"]

1. d4 e6 2. e4 d5 3. Nd2 Nc6 4. Ngf3 Nf6 5. e5 Nd7 6. Bd3 Nb4 7. Be2 c5 8. c3 Nc6 9. Bd3 cxd4 10. cxd4 f6 11.
exf6 Qxf6 12. Nf1 Bd6 13. Ne3 O-O 14. O-O b6 15. Ng4 Qf7 16. Bxh7+ Kxh7 17. Ng5+ Kg8 18. Nxf7 Rxf7 19. Be3 Bb7 20. f4 Ne7 21. Ne5 Nxe5 22.
fxe5 Rxf1+ 23. Qxf1 Bc7 24. Qb5 Rd8 25. Rc1 Bb8 26.
Bg5 1-0

[Event "*** MasterClass Titled Tuesday Blitz"]
[Site "Chess.com"]
[Date "2017.12.05"]
[Round "4"]
[White "ncdogan"]
[Black "mikhaillushenkov"]
[Result "0-1"]
[WhiteElo "2401"]
[BlackElo "2579"]
[TimeControl "180+2"]
[EndTime "14:58:02 PST"]
[Termination "mikhaillushenkov won by resignation"]

1. d4 Nf6 2. c4 e6 3. g3 Bb4+ 4. Bd2 c5 5. Bxb4 cxb4 6. Bg2 O-O 7. e4 d6 8. Ne2 e5 9. a3 bxa3 10. Rxa3 Nc6 11. d5 Nb4 12. Nbc3 a5 13. O-O b6 14. h3 Nd7 15. f4 f6 16. Na2 Nxa2 17. Rxa2 Ba6 18. b3 b5 19. Qa1 bxc4 20. Rxa5 Qb6+ 21.
Kh2 cxb3 22. Nc3 b2 23. Qa2 Bxf1 24. Rxa8 Qf2 25. Rxf8+ Nxf8 0-1

[Event "*** MasterClass Titled Tuesday Blitz"]
[Site "Chess.com"]
[Date "2017.12.05"]
[Round "4"]
[White "aa175"]
[Black "ChessicallyInclined"]
[Result "0-1"]
[WhiteElo "1871"]
[BlackElo "2209"]
[TimeControl "180+2"]
[EndTime "14:58:04 PST"]
[Termination "ChessicallyInclined won by checkmate"]

1. e4 e5 2. Nf3 Nc6 3. Bc4 Nf6 4. Nc3 Nxe4 5. Bxf7+ Kxf7 6. Nxe4 d5 7. Neg5+ Kg8 8.
d3 h6 9. Nh3 Bg4 10. Nhg1 e4 11. dxe4 dxe4 12. Qxd8 Rxd8 13. Nh4 Nb4 14. f3 Nxc2+ 15.
Kf2 Bc5+ 16. Kg3 Nxa1 17. fxg4 Rd1 18. Ng6 Rxc1 19. Nxh8 Kxh8 20. g5 Rxg1 21. h4 Rxh1 22. gxh6 gxh6 23. Kf4 Rxh4+ 24. Ke5 e3 25. Ke6 e2 26.
Kd7 e1=Q 27. Kc8 Bb6 28. Kb8 Qe4 29. Ka8 Rf4 30. Kb8 Rf8# 0-1

[Event "*** MasterClass Titled Tuesday Blitz"]
[Site "Chess.com"]
[Date "2017.12.05"]
[Round "4"]
[White "Alexander_Moskalenko"]
[Black "bascheyaro"]
[Result "1/2-1/2"]
[WhiteElo "2744"]
[BlackElo "2613"]
[TimeControl "180+2"]
[EndTime "14:58:06 PST"]
[Termination "Game drawn by agreement"]

1. e4 e6 2. d4 d5 3. exd5 exd5 4. Nf3 Nf6 5. Bd3 c5 6. dxc5 Bxc5 7. O-O O-O 8. h3 h6 9. c3 Nc6 10. Nbd2 Bb6 11.
Nb3 Ne4 12. Nfd4 Nxd4 13. Nxd4 Bxd4 14. cxd4 Bf5 15. Be3 Nd6 16. Be2 Nc4 17. Bxc4 dxc4 18. Qf3 Qd7 19. Rfc1 b5 20. a4 Be6 21. d5 Bxd5 22. Rd1 Bxf3 23. Rxd7 Bc6 24. Rc7 Rfc8 25. Rxc8+ Rxc8 26. axb5 Bxb5 27. Rxa7 c3 28. bxc3 Rxc3 29. Kh2 1/2-1/2

[Event "*** MasterClass Titled Tuesday Blitz"]
[Site "Chess.com"]
[Date "2017.12.05"]
[Round "4"]
[White "TARS-JJ"]
[Black "ImadAK"]
[Result "0-1"]
[WhiteElo "1077"]
[BlackElo "1320"]
[TimeControl "180+2"]
[EndTime "14:58:27 PST"]
[Termination "ImadAK won by resignation"]

1. e4 c5 2. f4 Nc6 3. Nf3 d6 4. d3 Bg4 5. Be2 g6 6. O-O Bg7 7. c3 Bxf3 8. Bxf3 e5 9. fxe5 Nxe5 10. Bf4 Nc6 11. d4 cxd4 12. cxd4 Nxd4 13. Nc3 Nf6 14. Rc1 Nxf3+ 15. Qxf3 O-O 16. Rfd1 Ne8 17. Nd5 Qd7 18. b4 Rd8 19. Rc7 Nxc7 20. Nxc7 Qxc7 21. e5 dxe5 22.
Rxd8 Rxd8 23. Bxe5 Bxe5 0-1

[Event "*** MasterClass Titled Tuesday Blitz"]
[Site "Chess.com"]
[Date "2017.12.05"]
[Round "4"]
[White "dyziotomi99"]
[Black "visa"]
[Result "1-0"]
[WhiteElo "2445"]
[BlackElo "2185"]
[TimeControl "180+2"]
[EndTime "14:58:47 PST"]
[Termination "dyziotomi99 won by checkmate"]

1. c4 b6 2. Nf3 Bb7 3. Nc3 e6 4. g3 f5 5. Bg2 Nf6 6. O-O Be7 7.
d4 Ne4 8. Bd2 Nxc3 9. Bxc3 Be4 10. Re1 O-O 11. Rc1 Bf6 12. d5 Bxc3 13. Rxc3 Qf6 14.
Nd4 Bxg2 15. Kxg2 e5 16. Nb5 Na6 17. Ra3 c6 18. dxc6 Qxc6+ 19. f3 Qxc4 20. Nd6 Qb4 21. Rxa6 Qxb2 22. Qd5+ Kh8 23. Nf7+ Rxf7 24. Qxa8+ Rf8 25.
Qxf8# 1-0

[Event "*** MasterClass Titled Tuesday Blitz"]
[Site "Chess.com"]
[Date "2017.12.05"]
[Round "4"]
[White "SharkAnto55"]
[Black "larso"]
[Result "0-1"]
[WhiteElo "2360"]
[BlackElo "2397"]
[TimeControl "180+2"]
[EndTime "14:59:11 PST"]
[Termination "larso won by resignation"]

1. d4 Nf6 2. c4 g6 3. Nc3 Bg7 4. e4 O-O 5. h3 d6 6. Bg5 c5 7. d5 b5 8. cxb5 a6 9. Nf3 axb5 10. Bxb5 Nxe4 11. Nxe4 Qa5+ 12. Nfd2 Qxb5 13. Qe2 Qxe2+ 14. Kxe2 Ba6+ 15. Kd1 Re8 16. Kc2 Bb7 17. Nc3 Nd7 18. Rhe1 Kf8 19. a4 Bxc3 20. bxc3 Bxd5 21. a5 Ra6 22. c4 Bc6 23. Nb3 Bxg2 24. h4 f6 25. Bh6+ Kf7 26. Bd2 Ne5 0-1

[Event "*** MasterClass Titled Tuesday Blitz"]
[Site "Chess.com"]
[Date "2017.12.05"]
[Round "4"]
[White "EternallyBad"]
[Black "MasterBlitz83"]
[Result "0-1"]
[WhiteElo "1497"]
[BlackElo "1618"]
[TimeControl "180+2"]
[EndTime "14:59:14 PST"]
[Termination "MasterBlitz83 won by resignation"]

1. e4 d5 2. exd5 Qxd5 3. Nc3 Qa5 4. d4 Nf6 5. Nf3 Bg4 6. h3 Bf5 7. Bf4 c6 8. Bd3 Bxd3 9. Qxd3 Nd5 10. Bd2 Nxc3 11.
Bxc3 Qc7 12. O-O e6 13. Ne5 Bd6 14. f4 O-O 15. Rf3 Nd7 16. Rg3 f6 17. Nxd7 Qxd7 18.
Qf3 Qc7 19. Rd1 Bxf4 20. Rg4 Bd6 21. Bd2 Rae8 22. Bh6 Rf7 23. Rd3 e5 24. dxe5 fxe5 25.
Qxf7+ Qxf7 26. Rxg7+ Qxg7 27. Rg3 Qxg3 0-1

[Event "*** MasterClass Titled Tuesday Blitz"]
[Site "Chess.com"]
[Date "2017.12.05"]
[Round "4"]
[White "Korchmar_Vasiliy"]
[Black "Frolik67"]
[Result "0-1"]
[WhiteElo "2527"]
[BlackElo "2414"]
[TimeControl "180+2"]
[EndTime "14:59:15 PST"]
[Termination "Frolik67 won by resignation"]

1. d4 e6 2. Bf4 d5 3. e3 f5 4. Nf3 Nf6 5. h3 c6 6. Be2 Bd6 7. Bxd6 Qxd6 8. O-O O-O 9. c4 Nbd7 10. Nc3 Ne4 11. Rc1 b6 12. a3 Bb7 13. b4 a5 14.
c5 Qe7 15. Nxe4 fxe4 16. Nd2 axb4 17. axb4 b5 18. Ra1 e5 19. Nb3 exd4 20. Qxd4 Ne5 21.
Na5 Bc8 22. Bxb5 Bxh3 23. Bxc6 Nf3+ 24. Kh1 Bxg2+ 25. Kxg2 Qg5+ 0-1

[Event "*** MasterClass Titled Tuesday Blitz"]
[Site "Chess.com"]
[Date "2017.12.05"]
[Round "4"]
[White "dtn70"]
[Black "MFBerna"]
[Result "1-0"]
[WhiteElo "2284"]
[BlackElo "2288"]
[TimeControl "180+2"]
[EndTime "14:59:22 PST"]
[Termination "dtn70 won by checkmate"]

1. e4 c5 2. Nf3 e6 3. d3 Nc6 4. g3 g6 5. Bg2 Bg7 6. O-O Nge7 7.
Re1 d6 8. c3 O-O 9. d4 e5 10.
dxc5 dxc5 11. Qc2 h6 12. Nbd2 Be6 13. Nf1 Qc7 14. Ne3 Rad8 15. b3 b6 16. Bb2 f5 17.
exf5 gxf5 18. Rad1 e4 19. Nh4 Ne5 20. c4 Nd3 21. Bxg7 Nxe1 22. Qb2 Rxd1 23. Nxd1 Rf7 24. Be5 Qd7 25. Qe2 Nd3 26. Bc3 Nc6 27. Qh5 Kh7 28. Qg6# 1-0

[Event "*** MasterClass Titled Tuesday Blitz"]
[Site "Chess.com"]
[Date "2017.12.05"]
[Round "4"]
[White "FollowMeIBeg"]
[Black "oliver98"]
[Result "0-1"]
[WhiteElo "1807"]
[BlackElo "2278"]
[TimeControl "180+2"]
[EndTime "14:59:28 PST"]
[Termination "oliver98 won by checkmate"]

1. d4 Nf6 2. c4 c5 3. d5 b5 4.
cxb5 a6 5. bxa6 g6 6. Nc3 Bg7 7.
e4 O-O 8. f4 Qa5 9. e5 Ne4 10.
Bd2 Nxd2 11. Qxd2 d6 12. Nf3 Bg4 13. Ng5 dxe5 14. h3 Bc8 15. fxe5 Bxe5 16. Bd3 Bg3+ 17. Kd1 Bxa6 18. Kc2 Bxd3+ 19. Qxd3 Be5 20. Raf1 Na6 21. a3 Rab8 22. Rb1 c4 23. Qe4 Bf6 24. h4 Rxb2+ 25. Rxb2 Qxc3+ 26. Kb1 Qxb2# 0-1

[Event "*** MasterClass Titled Tuesday Blitz"]
[Site "Chess.com"]
[Date "2017.12.05"]
[Round "4"]
[White "tigra"]
[Black "sandromareco"]
[Result "1-0"]
[WhiteElo "2657"]
[BlackElo "2616"]
[TimeControl "180+2"]
[EndTime "14:59:47 PST"]
[Termination "tigra won by resignation"]

1. e4 c5 2. Nf3 e6 3. c3 Nf6 4. e5 Nd5 5. d4 cxd4 6. cxd4 d6 7.
Bc4 b6 8. O-O Be7 9. Qe2 Bb7 10.
Bxd5 Bxd5 11. Nc3 Bxf3 12. Qxf3 d5 13. Qg3 g6 14. Bh6 Nc6 15. Rfd1 Qd7 16. Rac1 O-O-O 17. Bg5 Kb7 18. Nb5 Bxg5 19. Qxg5 Kb8 20. Nd6 f5 21. Rc3 Qe7 22. Qf4 g5 23. Qd2 Rxd6 24. exd6 Qxd6 25. Rdc1 Nb4 26. a3 Na2 27. Rc6 Qd7 28. R1c2 f4 29. b4 Rf8 30. b5 f3 31. Qxg5 1-0

[Event "*** MasterClass Titled Tuesday Blitz"]
[Site "Chess.com"]
[Date "2017.12.05"]
[Round "4"]
[White "Danslesprit69"]
[Black "nicegg"]
[Result "0-1"]
[WhiteElo "1632"]
[BlackElo "1987"]
[TimeControl "180+2"]
[EndTime "15:00:06 PST"]
[Termination "nicegg won by checkmate"]

1. e4 e5 2. Nf3 Nc6 3. d4 exd4 4. Nxd4 Nf6 5. Nxc6 dxc6 6. Qxd8+ Kxd8 7. e5 Ng4 8. Bf4 Bc5 9. f3 Ne3 10. Bxe3 Bxe3 11.
Nc3 Bf5 12. Bc4 Ke7 13. Ke2 Bd4 14. Ne4 Bxe5 15. Rhe1 b5 16. Bb3 Bxb2 17. Rab1 Bd4 18. Kf1 Be6 19. Bxe6 fxe6 20. Ng5 e5 21. f4 Rhf8 22.
Nf3 Rxf4 23. Rbd1 Raf8 24. c3 Bxc3 25. Re3 b4 26. a3 a5 27. axb4 axb4 28. Ke2 R4f5 29.
Kd3 Rd8+ 30. Kc2 Rxd1 31. Kxd1 h6 32. Kc2 Kf6 33. Kb3 Rf4 34. Ne1 c5 35. Nd3 c4+ 36.
Kc2 cxd3+ 37. Kxd3 Rd4+ 38. Kc2 Rd2+ 39. Kb3 Rxg2 40.
Rf3+ Ke6 41. Re3 Rxh2 42. Rg3 g5 43. Re3 Rb2+ 44. Kc4 g4 45. Kc5 h5 46. Kc6 h4 47.
Rxc3 bxc3 48. Kxc7 c2 49. Kd8 c1=Q 50. Ke8 Rb8# 0-1

[Event "*** MasterClass Titled Tuesday Blitz"]
[Site "Chess.com"]
[Date "2017.12.05"]
[Round "4"]
[White "Zkid"]
[Black "nurmiTV"]
[Result "1-0"]
[WhiteElo "2548"]
[BlackElo "2466"]
[TimeControl "180+2"]
[EndTime "15:00:08 PST"]
[Termination "Zkid won by resignation"]

1. e4 c5 2. Nf3 e6 3. d4 cxd4 4. Nxd4 a6 5. Nc3 Qc7 6. g3 Nf6 7. Bg2 Bb4 8. Bd2 Nc6 9. Nb3 O-O 10. O-O b6 11. a3 Be7 12. f4 d6 13. Be3 Bb7 14.
Qe2 Nd7 15. f5 Nde5 16. Bh3 Bc8 17. fxe6 Bxe6 18. Nd5 Bxd5 19. exd5 Na5 20. Nxa5 bxa5 21. Bd4 Bf6 22. Rxf6 gxf6 23. Rf1 Qe7 24. Qh5 Rfc8 25. Bxc8 Rxc8 26. Bxe5 1-0

[Event "*** MasterClass Titled Tuesday Blitz"]
[Site "Chess.com"]
[Date "2017.12.05"]
[Round "4"]
[White "MultiWebCreation"]
[Black "northridgehawk"]
[Result "0-1"]
[WhiteElo "1341"]
[BlackElo "1960"]
[TimeControl "180+2"]
[EndTime "15:00:12 PST"]
[Termination "northridgehawk won by resignation"]

1. e4 e5 2. Nf3 Nc6 3. Bb5 a6 4. Bc4 Nf6 5. d3 Bc5 6. O-O d6 7. Nc3 O-O 8. Bg5 h6 9. Bh4 g5 10. Nxg5 hxg5 11. Bxg5 Be6 12. Qf3 Kg7 13. Qg3 Nh5 14.
Bxd8+ Nxg3 15. Bf6+ Kxf6 16. hxg3 Rg8 17. Bxe6 Kxe6 18.
Ne2 Rh8 19. c3 Rag8 20. d4 exd4 21. Nf4+ Kd7 22. Nd5 Rg6 23. Nf4 Rgh6 24. Nh3 dxc3 25. bxc3 Rg6 26. Nf4 Rxg3 27. Ne2 Rg7 28. Rad1 Ne5 0-1

[Event "*** MasterClass Titled Tuesday Blitz"]
[Site "Chess.com"]
[Date "2017.12.05"]
[Round "4"]
[White "nikitakhoroshev"]
[Black "Jahonas"]
[Result "0-1"]
[WhiteElo "2404"]
[BlackElo "2241"]
[TimeControl "180+2"]
[EndTime "15:00:15 PST"]
[Termination "Jahonas won by resignation"]

1. g3 d5 2. Bg2 Nf6 3. d3 c6 4. e4 e5 5. Nc3 dxe4 6. dxe4 Qxd1+ 7. Nxd1 Be6 8. f3 Nbd7 9. Bh3 Bxh3 10. Nxh3 h6 11. Ke2 O-O-O 12. Nhf2 Nc5 13. b3 Ne6 14. c3 Bc5 15. Nd3 Bd6 16. Be3 b6 17.
N1b2 Nd7 18. b4 f6 19. a4 Kc7 20. a5 Ra8 21. Ra2 b5 22. c4 a6 23. Rc1 Kb7 24. c5 Be7 25. Rd1 Rad8 26. Rd2 Rhe8 27. Ra1 Ndf8 28. Rad1 Nd4+ 29. Bxd4 Rxd4 30. Rb1 Red8 31. Nd1 Ne6 32. Ne3 g6 33. Rdd1 Bf8 34. Rb2 h5 35.
Nc2 R4d7 36. Rbb1 Bh6 37. Nf2 Rd2+ 38. Ke1 Rxc2 39. Rxd8 Nxd8 40. Rd1 Kc7 41. Rd6 Bg7 42. f4 Nf7 43. Rd3 Bf8 44. Rf3 Be7 45. Nd3 Rc4 46. Kd2 Rxe4 47. h3 f5 48. g4 hxg4 49. hxg4 exf4 50. Rg3 fxg3 0-1

[Event "*** MasterClass Titled Tuesday Blitz"]
[Site "Chess.com"]
[Date "2017.12.05"]
[Round "4"]
[White "Indianlad"]
[Black "ArnaudovP"]
[Result "1-0"]
[WhiteElo "2592"]
[BlackElo "2433"]
[TimeControl "180+2"]
[EndTime "15:00:22 PST"]
[Termination "Indianlad won by resignation"]

1. Nf3 Nf6 2. c4 e6 3. Nc3 Bb4 4. g4 O-O 5. g5 Ne8 6. h4 d5 7.
h5 d4 8. Ne4 Nc6 9. a3 Be7 10. d3 e5 11. g6 f5 12. Neg5 h6 13. Nf7 Rxf7 14. gxf7+ Kxf7 15. Bg2 a5 16. e3 dxe3 17.
Bxe3 Bf6 18. O-O Kg8 19. Re1 f4 20. Bd2 Bg4 21. Bc3 Bxh5 22. Qb3 Bxf3 23. c5+ Kh8 24. Bxf3 Rb8 25. Qf7 Qc8 26. Qf8+ Kh7 27. Be4+ g6 28.
Qf7+ Bg7 29. Qxg6+ Kg8 30. Bxc6 bxc6 31. Rxe5 1-0

[Event "*** MasterClass Titled Tuesday Blitz"]
[Site "Chess.com"]
[Date "2017.12.05"]
[Round "4"]
[White "Quiet_Desperation"]
[Black "Blitzstream"]
[Result "0-1"]
[WhiteElo "2345"]
[BlackElo "2510"]
[TimeControl "180+2"]
[EndTime "15:00:23 PST"]
[Termination "Blitzstream won by resignation"]

1. e4 d5 2. exd5 Qxd5 3. Nc3 Qa5 4. Nf3 Nf6 5. Bc4 Nc6 6. h3 Bf5 7. O-O e6 8. d3 Bg6 9. Bd2 Qh5 10. Nb5 O-O-O 11. Re1 a6 12. Nc3 Bd6 13. a3 Bf5 14. Nh2 Qg6 15. Kh1 h5 16. b4 Ng4 17. Nxg4 hxg4 18.
b5 gxh3 19. g3 axb5 20. Bxb5 Nd4 21. Rb1 Bg4 0-1

[Event "*** MasterClass Titled Tuesday Blitz"]
[Site "Chess.com"]
[Date "2017.12.05"]
[Round "4"]
[White "fardinkhan46"]
[Black "R2D3"]
[Result "0-1"]
[WhiteElo "1438"]
[BlackElo "1715"]
[TimeControl "180+2"]
[EndTime "15:00:23 PST"]
[Termination "R2D3 won by resignation"]

1. e4 d5 2. exd5 Qxd5 3. Nc3 Qd8 4. Nf3 Nf6 5. Bc4 e6 6. b3 Be7 7. Bb2 O-O 8. O-O Nbd7 9. d3 b6 10. d4 Bb7 11. Be2 Rc8 12. Nd2 h6 13. Bf3 Bxf3 14.
Qxf3 c5 15. dxc5 Nxc5 16. b4 Qxd2 17. bxc5 Qxc2 18. cxb6 Qxb2 19. bxa7 Qxc3 20. Rab1 Qxf3 21. gxf3 Ra8 22. Rb7 Bc5 23. Rb8 Raxb8 24. axb8=Q Rxb8 25. Rc1 Ba7 26. Rc7 Bb6 27. Rc1 Rd8 28. Rb1 Rd6 29.
Kg2 Nd5 30. a4 Nf4+ 31. Kg3 Ne2+ 32. Kg2 Nc3 33. Rc1 Nxa4 34. Rc4 Nc5 35. Kg3 g5 36. h4 Kg7 37. hxg5 hxg5 38. f4 gxf4+ 39. Kxf4 Nd3+ 40. Kf3 Ne5+ 41. Ke4 Nxc4 42. Kf3 Bc7 43. Kg2 Kf6 44. f4 Kf5 0-1

[Event "*** MasterClass Titled Tuesday Blitz"]
[Site "Chess.com"]
[Date "2017.12.05"]
[Round "4"]
[White "Jadeit90"]
[Black "Mistheoretical"]
[Result "0-1"]
[WhiteElo "2318"]
[BlackElo "2270"]
[TimeControl "180+2"]
[EndTime "15:00:24 PST"]
[Termination "Mistheoretical won by resignation"]

1. e4 e6 2. d4 d5 3. Nd2 Nf6 4.
e5 Nfd7 5. c3 c5 6. f4 Nc6 7. Ndf3 cxd4 8. cxd4 a5 9. Bd3 a4 10.
a3 Nb6 11. Ne2 Bd7 12. O-O Na5 13. f5 exf5 14. Bg5 Be7 15. Bxe7 Qxe7 16. Nf4 g6 17. Rc1 Nb3 18. Rc3 O-O 19. Qe1 Rfc8 20. Rxc8+ Rxc8 21. Qg3 Be6 22. h4 Rc1 23. h5 Rxf1+ 24. Kxf1 Na5 25.
hxg6 hxg6 26. Nxg6 fxg6 27. Qxg6+ Kf8 28. Ng5 Bf7 29.
Nh7+ Ke8 30. Qxb6 Nc4 31. Nf6+ Kf8 32. Bxc4 dxc4 33. Qb4 Qxb4 34. axb4 c3 35. bxc3 a3 36. Nd7+ Ke7 0-1